Map: Nightshade LE

Players

antagomiR - Winner!

  • Race: Protoss Protoss
  • League: Gold
  • Spawn Location: 11:00

Asone

  • Race: Protoss Protoss
  • League: Gold
  • Spawn Location: 5:00

VOD

Have the link to the VOD?

Description

Time

  • Played on: April 19, 2020, 6:51 p.m.
  • Length: 9:22
Show
View Real Time Build Order
Export as new Build Order

antagomiR Protoss - Winner!

Build Orders:  

Get SALT Encoding   

  12  0:01  Probe  
  13  0:13  Probe  
  14  0:22  Pylon  
  14  0:25  Probe  
  15  0:40  Probe  
  15  0:42  Gateway  
  16  0:52  Probe (Chrono Boost)  
  16  0:56  Assimilator  
  18  1:04  Probe (Chrono Boost)  
  18  1:11  Probe (Chrono Boost)  
  18  1:13  Assimilator  
  19  1:21  Probe  
  20  1:30  Pylon  
  20  1:33  Probe  
  20  1:37  Cybernetics Core  
  21  1:45  Probe  
  22  2:04  Probe (Chrono Boost)  
  23  2:09  Gateway  
  23  2:13  Warp Gate  
  23  2:14  Probe (Chrono Boost)  
  24  2:17  Adept  
  24  2:19  Probe (Chrono Boost)  
  27  2:30  Probe  
  28  2:42  Nexus, Robotics Facility  
  28  2:45  Probe  
  29  2:56  Pylon  
  29  2:58  Probe  
  30  3:10  Probe  
  31  3:14  Stalker  
  33  3:29  Probe  
  33  3:33  Shield Battery  
  34  3:35  Observer  
  34  3:41  Probe  
  36  3:53  Probe  
  36  3:54  Immortal (Chrono Boost)  
  40  4:03  Sentry  
  40  4:04  Sentry  
  40  4:05  Probe  
  45  4:15  Probe  
  46  4:17  Probe  
  46  4:23  Gateway  
  47  4:26  Immortal  
  47  4:27  Probe  
  47  4:29  Probe  
  51  4:39  Probe  
  52  4:50  Probe  
  52  4:52  Probe  
  54  5:01  Assimilator  
  54  5:15  Pylon  
  54  5:17  Shield Battery  
  54  5:20  Pylon  
  54  5:21  Pylon  
  54  5:26  Probe  
  54  5:27  Probe  
  49  5:38  Probe  
  49  5:39  Probe  
  41  5:52  Observer (Chrono Boost)  
  38  6:04  Stalker x2  
  31  6:23  Immortal  
  31  6:25  Probe x2  
  37  6:37  Probe x2  
  39  6:43  Forge  
  39  6:49  Probe x2  
  41  7:01  Probe x2  
  41  7:06  Stalker  
  41  7:07  Stalker x2  
  49  7:13  Probe x2  
  51  7:25  Probe x2  
  53  7:31  Sentry  
  53  7:34  Zealot  
  57  7:37  Probe  
  57  7:38  Probe  
  59  7:50  Probe  
  44  8:28  Stalker x3  
  44  8:31  Immortal  
  46  8:45  Probe x2  
  48  8:57  Probe  
  48  8:58  Probe  
  50  9:09  Probe  
Show
View Real Time Build Order
Export as new Build Order

Asone Protoss 

Build Orders: Zealot Archon, Dark Templar Rush 

Get SALT Encoding   

  12  0:01  Probe (Chrono Boost)  
  13  0:16  Pylon  
  13  0:17  Probe  
  14  0:32  Probe  
  15  0:42  Gateway  
  15  0:45  Probe  
  16  0:50  Assimilator  
  16  1:09  Probe  
  17  1:32  Assimilator  
  17  1:42  Zealot  
  19  1:51  Nexus  
  19  1:56  Cybernetics Core  
  19  2:02  Gateway  
  19  2:05  Pylon  
  19  2:08  Gateway  
  19  2:10  Probe  
  20  2:22  Probe  
  21  2:30  Warp Gate (Chrono Boost)  
  21  2:35  Stalker  
  23  2:42  Gateway  
  23  2:46  Twilight Council  
  23  2:48  Probe  
  24  3:13  Stalker x2  
  24  3:17  Stalker  
  28  3:33  Probe  
  29  3:44  Dark Shrine  
  29  3:50  Pylon  
  29  3:58  Pylon  
  29  4:12  Stalker  
  29  4:13  Stalker  
  25  4:58  Gateway, Dark Templar  
  25  4:59  Dark Templar  
  29  5:14  Probe  
  30  5:23  Nexus  
  30  5:27  Pylon  
  30  5:34  Dark Templar  
  32  5:38  Dark Templar  
  34  6:05  Probe  
  35  6:17  Probe  
  34  6:29  Probe  
  35  6:36  Archon  
  35  6:37  Dark Templar x2  
  35  6:38  Dark Templar  
  41  6:46  Archon  
  41  6:50  Archon  
  41  7:04  Assimilator  
  41  7:08  Probe, Assimilator  
  42  7:14  Dark Templar  
  44  7:20  Probe  
  45  7:26  Shield Battery  
  45  7:29  Shield Battery  
  45  7:32  Probe  
  45  7:33  Shield Battery  
  42  7:57  Stalker x2  
  44  7:58  Stalker  
  39  8:22  Pylon  
  39  8:26  Pylon, Stalker x2  
  39  8:27  Stalker  
  32  8:41  Pylon  
  26  8:56  Pylon  
  26  8:59  Pylon  
  26  9:01  Stalker  
  28  9:03  Pylon  
Tags
 
Composition
Zealot Archon
League
GoldGold
Matchup
PvP
Replay Pack
20200422
Spawn Locations
Cross Positions
Add a new tag
Caveats
  • Supply blocks, unpowered buildings, or Contaminate may cause inaccurate times.
  • Supply counts are checked every 10 seconds.